 Dungeon Crawl Stone Soup version 0.29.1 (webtiles) character file.

Game seed: 15875428000134147262

67 Artool the Ducker (level 3, 0/28 HPs)
             Began as a Demonspawn Gladiator on Sept 14, 2022.
             Slain by an adder (3 damage)
             ... on level 2 of the Dungeon.
             The game lasted 00:05:26 (2211 turns).

Artool the Ducker (Demonspawn Gladiator)            Turns: 2211, Time: 00:05:27

Health: 0/28       AC:  4    Str: 16    XL:     3   Next: 98%
Magic:  2/3        EV: 12    Int:  9    God:
Gold:   66         SH:  0    Dex: 14    Spells: 1/2 levels left

rFire   . . .      SeeInvis .   a - +0 whip
rCold   . . .      Faith    .   (no shield)
rNeg    . . .      Spirit   .   o - +0 leather armour
rPois   .          Reflect  .   c - +0 helmet
rElec   .          Harm     .   (no cloak)
rCorr   .          Rampage  .   (no gloves)
Will    .....                   (no boots)
Stlth   +.........              (no amulet)
HPRegen 0.09/turn               (no ring)
MPRegen 0.16/turn               (no ring)

@: lethally poisoned (0 -> -10)
A: demonic guardian 1, magic regeneration
a: no special abilities


You were on level 2 of the Dungeon.
You visited 1 branch of the dungeon, and saw 2 of its levels.

You collected 66 gold pieces.

Inventory:

Hand Weapons
 a - a +0 whip (weapon)
 f - a +0 flail
Missiles
 d - 3 throwing nets (quivered)
 e - a javelin
Armour
 c - a +0 helmet (worn)
 o - a +0 leather armour (worn)
Magical Staves
 b - a staff of fire
Scrolls
 h - a scroll of amnesia {unknown}
 k - 2 scrolls of identify {unknown}
 m - a scroll of teleportation {unknown}
 n - 2 scrolls of blinking {unknown}
Potions
 g - 3 potions of mutation {unknown}
 i - a potion of attraction {unknown}
 j - a potion of cancellation {unknown}
 l - a potion of ambrosia {unknown}


   Skills:
 + Level 2.7 Fighting
 + Level 3.1 Maces & Flails
 - Level 1.7 Throwing
 + Level 1.4 Armour
 + Level 3.2 Dodging


You had one spell level left.
You knew the following spells:

 Your Spells              Type           Power      Damage    Failure   Level
a - Foxfire               Conj/Fire      0%         2x1d4     45%         1

Your spell library contained the following spells:

 Spells                   Type           Power      Damage    Failure   Level
 Conjure Flame            Conj/Fire      0%         6-21      83%         3
 Inner Flame              Hex/Fire       0%         N/A       83%         3
 Flame Wave               Conj/Fire      0%         2d4       99%         4


Dungeon Overview and Level Annotations

Branches:
Dungeon (2/15)

Altars:


Innate Abilities, Weirdness & Mutations

A weak demonic guardian rushes to your aid.
You regenerate magic rapidly.


Message History

Your ufetubus completely misses the adder.
Your ufetubus closely misses the adder.
The adder barely misses you. x2
The hobgoblin closely misses you.
Your ufetubus barely misses the adder.
Your ufetubus hits the adder.
You swap places.
You feel sick. The adder misses your ufetubus.
The adder barely misses your ufetubus.
Your ufetubus hits the adder.
Your ufetubus completely misses the adder.
The hobgoblin hits you but does no damage.
The adder misses your ufetubus.
Your magical contamination has completely faded away.
You closely miss the adder.
The adder is severely wounded.
You feel sick. The adder bites you but does no damage.
Your ufetubus hits the adder. Your ufetubus misses the adder.
The adder bites your ufetubus. The hobgoblin hits you.
You closely miss the adder.
The adder is almost dead.
You feel sick.
Your ufetubus barely misses the adder. x2; The adder bites you.
You are more poisoned.
The adder poisons you! The adder bites you but does no damage.
The adder completely misses your ufetubus.
Your ufetubus closely misses the adder.
Your ufetubus hits the adder.
The adder dies!
The hobgoblin barely misses you. The gnoll hits you with a +0 whip.
The hobgoblin attacks as you move away! The hobgoblin hits you.
The gnoll attacks as you move away! The gnoll barely misses you.
You feel sick. The adder bites you.
* * * LOW HITPOINT WARNING * * *
The adder bites you.
* * * LOW HITPOINT WARNING * * *
You are more poisoned.
The adder poisons you! The hobgoblin misses your ufetubus.
The adder closely misses you.
You see here an adder corpse.
You hit the gnoll.
The gnoll is moderately wounded.
* * * LOW HITPOINT WARNING * * *
You feel sick.
Your ufetubus misses the adder.
Your ufetubus closely misses the adder.
The adder bites you.
You die...

.... #.....#######.##.)..##.
..=. #...... #....'....##.
... ##..... ###.#.##....##.
#.#.### #...#.#.....##.
#.....# #.#.#.#...####.
....#.###### ###.#.#.#...# ..
##.SSwg....######.<.#.#.#...#
#.
#B###...#.#.....g..#.#.#...#
S.. #.#.#.#.#l#@#..#......##
.#. #.......w)S5S..##.
##...........#.#g#K.# .
...#...........B...#
.......###..#.#.#..# #....##
#.........# ...###
#...###.### .## ##### #.# #.#


You could see a worm, a gnoll (ally target), 2 adders, a giant cockroach, a
hobgoblin, a kobold, a frilled lizard and a friendly ufetubus (summoned).

Vanquished Creatures
  A gnoll (D:1)
  An adder (D:2)
  A dart slug (D:2)
  3 ball pythons
  2 bats (D:2)
  5 endoplasms (D:1)
  3 giant cockroaches (D:1)
  3 goblins (D:1)
  4 quokkas (D:1)
  4 kobolds
  A rat (D:1)
28 creatures vanquished.

Vanquished Creatures (collateral kills)
  An adder (D:2)
  A worm (D:2)
  A bat (D:1)
3 creatures vanquished.

Vanquished Creatures (others)
  10 foxfires (D:2)
  11 plants (D:1)
21 creatures vanquished.

Grand Total: 52 creatures vanquished

Notes
Turn   | Place    | Note
-------+----------+-------------------------------------------
     0 | D:1      | Artool the Demonspawn Gladiator began the quest for the
                  | Orb.
     0 | D:1      | Reached XP level 1. HP: 16/16 MP: 1/1
   450 | D:1      | Gained mutation: A weak demonic guardian rushes to your
                  | aid. [demonic ancestry]
   450 | D:1      | Reached XP level 2. HP: 18/22 MP: 2/2
   930 | D:1      | Reached skill level 1 in Armour
   933 | D:1      | Gained mutation: You regenerate magic rapidly. [demonic
                  | ancestry]
   933 | D:1      | Reached XP level 3. HP: 20/28 MP: 3/3
  1340 | D:1      | Learned a level 1 spell: Foxfire
  1341 | D:1      | Found a faded altar of an unknown god.
  2211 | D:2      | Slain by an adder

Illustrated notes

Levels and vault maps discovered:
D:1:      matt_arrival_los_fun, layout_basic,
          shapermc_ecumenical_altar_totnotflames, nicolae_grassy_gnolls
D:2:      layout_basic, serial_glass, glass_columns_b, glass_columns_c,
          glass_columns_a, glass_columns_b, minmay_misc_feat_rows,
          minmay_fractal_squares_5

Skill      XL: |  1  2 |
---------------+-------+-----
Maces & Flails | 3 |  3.1
Armour         | 1 |  1.4
Dodging        | 3 |  3.2
Fighting       | |  2.7
Throwing       | |  1.7

Action                   || total
-------------------------++-------
Melee: Whip              ||   136
       Flail             ||     3
 Cast: Foxfire           ||     6
 Stab: Sleeping          ||     2
Armor: Leather armour    ||    45
Dodge: Dodged            ||   104
